 Dungeon Crawl Stone Soup version 0.25.1-9-gc5326a611f (webtiles) character file.

Game seed: 1419657535978927119

209473 StoopidFlanders the Stickfighter (level 18, -1/168 HPs)
             Began as a Minotaur Fighter on Dec 28, 2020.
             Was the Champion of Okawaru.
             Slain by a merfolk impaler
             ... wielding a +0 trident
              (15 damage)
             ... on level 4 of the Shoals on Dec 29, 2020.
             The game lasted 01:58:09 (38147 turns).

StoopidFlanders the Stickfighter (MiFi)            Turns: 38147, Time: 01:58:09

Health: -1/168     AC: 29    Str: 28    XL:     18   Next: 15%
Magic:  24/24      EV: 17    Int: 13    God:    Okawaru [******]
Gold:   3064       SH:  0    Dex: 13    Spells: 17/17 levels left

rFire    + + +     SeeInvis .   S - +9 lajatang (elec)
rCold    + . .     Gourm    .   (shield currently unavailable)
rNeg     + + .     Faith    +   H - +7 chain mail "Engir" {*Contam rF+++ rN+ Int+2}
rPois    +         Spirit   .   A - +0 hat "Luadippi" {-Cast rElec rPois Regen+}
rElec    +         Reflect  .   I - scarf {+Inv}
rCorr    .         Harm     .   w - +2 pair of gloves {archery}
MR       ++...     NoCast   +   G - +0 pair of boots of the Big Bang {+Inv Str+2}
Stlth    ..........             n - amulet of faith
HPRegen  0.78/turn              e - ring of the Gastropod {rN+ MR+ Int+6}
MPRegen  0.19/turn              Y - ring of protection from cold

@: confused, about to teleport, very slow
A: retaliatory headbutt, horns 2, yellow scales 1, blurry vision 2, fire
resistance 1
}: 1/15 runes: gossamer
a: Heroism, Finesse, Renounce Religion, Evoke Invisibility


You were on level 4 of the Shoals.
You worshipped Okawaru.
Okawaru was exalted by your worship.
You were not hungry.

You visited 6 branches of the dungeon, and saw 32 of its levels.
You also visited: Gauntlet and Ice Cave.

You collected 4408 gold pieces.
You spent 1344 gold pieces at shops.

Inventory:

Hand Weapons
 a - the +7 lajatang of Order {silver, rMut}
   (Okawaru gifted it to you in an ice cave)

   It protects you from mutation.
 r - a +9 quarterstaff of flaming
 x - the +6 Majin-Bo {vamp, Archmagi MP+6 Int+6}
   (You took it off a minotaur in a Gauntlet)

   It inflicts no extra harm, but heals its wielder when it wounds a living foe.
   It affects your intelligence (+6).
   It affects your magic capacity (+6).
 M - a +5 lajatang of speed
 S - a +9 lajatang of electrocution (weapon)
 X - the +6 lajatang "Setaumis" {pain, Str+4}
   (Okawaru gifted it to you on level 6 of the Lair of Beasts)

   In the hands of one skilled in necromantic magic, it inflicts extra damage on
   living creatures.
   It affects your strength (+4).
Missiles
 b - 25 large rocks
Armour
 j - a +2 hat of see invisible
 w - a +2 pair of gloves of archery (worn)
 y - a cursed +0 tower shield
 A - the +0 hat "Luadippi" (worn) {-Cast rElec rPois Regen+}
   (You found it in an ice cave)

   It insulates you from electricity.
   It protects you from poison.
   It prevents spellcasting.
   It increases your rate of regeneration.
 G - the +0 pair of boots of the Big Bang (worn) {+Inv Str+2}
   (Okawaru gifted it to you on level 1 of the Spider Nest)

   It affects your strength (+2).
   It lets you turn invisible.
 H - the +7 chain mail "Engir" (worn) {*Contam rF+++ rN+ Int+2}
   (You found it on level 6 of the Dungeon)

   It affects your intelligence (+2).
   It renders you almost immune to fire.
   It protects you from negative energy.
   It causes magical contamination when unequipped.
 I - a scarf of invisibility (worn)
Jewellery
 e - the ring of the Gastropod (left hand) {rN+ MR+ Int+6}
   (You bought it in a shop on level 2 of the Orcish Mines)

   [ring of intelligence]

   It affects your intelligence (+6).
   It protects you from negative energy.
   It affects your resistance to hostile enchantments.
 n - an amulet of faith (around neck)
 B - an uncursed ring of protection from magic
 O - a +4 ring of evasion
 U - an uncursed ring of resist corrosion
 Y - a ring of protection from cold (right hand)
 Z - an uncursed ring of poison resistance
Wands
 t - a wand of disintegration (10)
 v - a wand of flame (26)
 Q - a wand of iceblast (18)
 T - a wand of paralysis (27)
 V - a wand of digging (10)
Scrolls
 c - 4 scrolls of blinking
 g - 7 scrolls of enchant armour
 i - 10 scrolls of remove curse
 o - 3 scrolls of magic mapping
 q - 2 scrolls of teleportation
 z - 2 scrolls of holy word
 D - a scroll of fog
 L - a scroll of silence
Potions
 d - 2 potions of might
 h - a potion of cancellation {unknown}
 k - 3 potions of mutation
 l - 3 potions of brilliance
 m - 6 potions of stabbing
 p - a potion of heal wounds
 F - 3 potions of flight {unknown}
 J - 2 potions of lignification {unknown}
 K - a potion of berserk rage
 N - 3 potions of invisibility
 R - 2 potions of magic {unknown}
 W - 2 potions of ambrosia
Comestibles
 f - 43 rations


   Skills:
 + Level 16.5 Fighting
   Level 4.7 Long Blades
 * Level 19.5 Staves
 + Level 19.2 Armour
 + Level 14.9 Dodging
 - Level 4.5 Shields
 - Level 10.4 Invocations
 - Level 10.2 Evocations


You had 17 spell levels left.
You didn't know any spells.
Your spell library contained the following spells:

 Spells                   Type           Power        Failure   Level  Hunger
 Freeze                   Ice            #...         65%         1    ##.....
 Magic Dart               Conj           #...         65%         1    ##.....
 Sting                    Tmut/Pois      #...         65%         1    ##.....
 Summon Small Mammal      Summ           #...         65%         1    ##.....
 Blink                    Tloc           N/A          80%         2    ###....
 Call Imp                 Summ           #.......     80%         2    ###....
 Corpse Rot               Necr/Air       N/A          80%         2    ###....
 Poisonous Vapours        Pois/Air       #.....       80%         2    ###....
 Searing Ray              Conj           #.....       80%         2    ###....
 Slow                     Hex            #.......     80%         2    ###....
 Call Canine Familiar     Summ           #.......     95%         3    ####...
 Confusing Touch          Hex            #.......     95%         3    ####...
 Conjure Flame            Conj/Fire      #.......     95%         3    ####...
 Dazzling Flash           Conj/Hex       #.....       95%         3    ####...
 Frozen Ramparts          Ice            #.....       95%         3    ####...
 Gell's Gravitas          Tloc           #.........   95%         3    ####...
 Ignite Poison            Fire/Tmut/Pois #.......     95%         3    ####...
 Mephitic Cloud           Conj/Pois/Air  #.......     95%         3    ####...
 Ozocubu's Armour         Chrm/Ice       #.......     95%         3    ####...
 Recall                   Summ/Tloc      N/A          95%         3    ####...
 Summon Guardian Golem    Hex/Summ       #.......     95%         3    ####...
 Animate Dead             Necr           N/A          100%        4    #####..
 Fulminant Prism          Conj/Hex       #.........   100%        4    #####..
 Hailstorm                Conj/Ice       #.......     100%        4    #####..
 Iskenderun's Mystic Bla  Conj/Tloc      #.......     100%        4    #####..
 Olgreb's Toxic Radiance  Pois           #.......     100%        4    #####..
 Petrify                  Tmut/Erth      #.......     100%        4    #####..
 Summon Ice Beast         Ice/Summ       #.......     100%        4    #####..
 Summon Lightning Spire   Summ/Air       #.......     100%        4    #####..
 Bolt of Magma            Conj/Fire/Erth #.........   100%        5    ######.
 Borgnjor's Vile Clutch   Necr/Erth      #.........   100%        5    ######.
 Excruciating Wounds      Chrm/Necr      #.........   100%        5    ######.
 Fireball                 Conj/Fire      #.........   100%        5    ######.
 Iskenderun's Battlesphe  Conj/Chrm      #.......     100%        5    ######.
 Metabolic Englaciation   Hex/Ice        #.........   100%        5    ######.
 Yara's Violent Unravell  Hex/Tmut       #.........   100%        5    ######.
 Death Channel            Necr           #.........   100%        6    #######
 Iron Shot                Conj/Erth      #.........   100%        6    #######
 Simulacrum               Ice/Necr       #.........   100%        6    #######
 Starburst                Conj/Fire      #.........   100%        6    #######
 Malign Gateway           Summ/Tloc      #.........   100%        7    #######
 Monstrous Menagerie      Summ           #.........   100%        7    #######
 Orb of Destruction       Conj           #.........   100%        7    #######
 Ring of Flames           Chrm/Fire      #.........   100%        7    #######
 Spellforged Servitor     Conj/Summ      #.........   100%        7    #######
 Summon Greater Demon     Summ           #.........   100%        7    #######
 Ignition                 Fire           #.........   100%        8    #######
 Summon Horrible Things   Summ           #.........   100%        8    #######


Dungeon Overview and Level Annotations

Branches:
Dungeon (15/15)            Temple (1/1) D:4            Lair (6/6) D:11
 Shoals (4/4) Lair:4       Spider (4/4) Lair:4        Slime (0/5) Lair:5
    Orc (2/2) D:11            Elf (0/3) Orc:2        Vaults (0/5) D:14
 Depths (0/5) D:15          IceCv (visited)         Gauntlet (visited)

Altars:
Ashenzari
Cheibriados
Dithmenos
Elyvilon
Fedhas
Gozag
Hepliaklqana
Kikubaaqudgha
Makhleb
Nemelex Xobeh
Okawaru
Qazlal
Ru
Sif Muna
Trog
Uskayaw
Vehumet
Wu Jian
Xom
Yredelemnul
Zin
The Shining One
Beogh
Lugonu

Shops:
D:4 (   D:10 *   Orc:2 (=[*

Annotations:
D:5 2 transporters, BirdFish's ghost, novice FoFi
Lair:5 exclusion: oklob plant
Spider:2 Roxanne
Orc:2 2 runed translucent doors, exclusion: orange crystal statue


Innate Abilities, Weirdness & Mutations

You reflexively headbutt those who attack you in melee.
You have a pair of horns on your head.
You are partially covered in yellow scales. (AC +2)
Scrolls take you longer to read.
Your flesh is heat resistant. (rF+)


Message History

The merfolk javelineer hits you from afar with a +0 spear.
The merfolk javelineer hits you from afar with a +0 antimagic spear.
You are confused.
You feel invigorated. The sea snake closely misses you.
The water nymph casts a spell at you. The water swirls and strikes you!!
* * * LOW HITPOINT WARNING * * *
The merfolk impaler hits you from afar with a +0 trident!
* * * LOW HITPOINT WARNING * * *
The merfolk hits you from afar with a +0 trident!
* * * LOW HITPOINT WARNING * * *
The water nymph misses you.
The merfolk aquamancer casts a spell at you.
The torrent of water misses you.
The torrent of water hits the manticore!!
The manticore dies!
The wave splashes down.
The merfolk javelineer hits you but does no damage.
The merfolk impaler hits you from afar with a +0 trident!
You die...

k.....≈≈≈
.........
....≈PPP≈≈≈≈≈≈
.........
...≈≈≈≈≈≈≈≈≈≈
.m.......
.≈≈≈≈≈≈≈≈≈≈≈
.≈....≈#
c≈≈≈≈≈≈≈≈≈P
.≈≈.m.##
≈≈≈≈≈≈P≈P≈
.≈.≈#
##m≈m≈≈PP≈P
.m..#
#≈Ecm≈≈≈P≈≈
....#
#≈@S≈≈≈P≈≈
....≈


#≈mmmH≈PP≈ ....# #≈≈≈≈m≈≈≈≈≈ .. ...m# ##≈.≈.[≈≈≈≈ ..## #≈≈≈≈..... ....####
≈≈≈≈≈....# ....≈≈#. ≈≈≈≈≈....# ..≈≈.... ≈≈≈≈≈≈≈≈≈≈≈ .≈≈≈≈≈P≈ ≈.≈..... You could
see a merfolk impaler, 2 merfolk javelineers, 2 satyrs, a sea snake, a merfolk
aquamancer, a merfolk, a manticore, a water elemental and 2 water nymphs.

Vanquished Creatures
  Saint Roka (Orc:2)
  Arachne (Spider:2)
  Jorgrun (Shoals:3)
  Polyphemus (Shoals:3)
  A frost giant (D:15)
  Ilsuiw (Shoals:2)
  5 ghost moths
  6 emperor scorpions
  Aizul (Spider:4)
  4 entropy weavers
  3 spark wasps
  A minotaur (Gauntlet)
  5 merfolk impalers
  2 blizzard demons (IceCv)
  A merfolk javelineer (Shoals:4)
  A fire dragon (D:14)
  7 hydras
  An alligator snapping turtle (Shoals:3)
  A merfolk aquamancer (Shoals:3)
  4 centaur warriors
  A catoblepas (Shoals:3)
  7 merfolk avatars
  5 ogre magi
  4 death yaks (Shoals:3)
  17 two-headed ogres
  2 satyrs
  An orc high priest (Orc:1)
  A fire crab (Shoals:4)
  A flayed ghost (D:14)
  7 sea snakes
  A wizard (D:14)
  A glowing orange brain (Gauntlet)
  3 unseen horrors
  Pikel (D:7)
  An oklob plant (Gauntlet)
  4 orc knights (Orc:2)
  18 wolf spiders
  18 orb spiders
  12 harpies
  A deep elf mage (D:15)
  An orc sorcerer (Orc:2)
  12 fauns
  13 ugly things
  7 cyclopes
  12 manticores
  4 elephants
  5 moths of wrath
  4 black mambas
  5 water nymphs
  8 merfolk sirens
  7 spiny frogs
  4 orange demons (D:13)
  2 torpor snails
  3 gargoyles
  A yaktaur (shapeshifter) (D:14)
  2 kobold demonologists (D:12)
  A yaktaur (D:15)
  2 rime drakes (Lair:6)
  11 komodo dragons
  14 demonic crawlers
  A freezing wraith (D:14)
  An anaconda simulacrum (IceCv)
  4 ice devils (IceCv)
  A golden dragon simulacrum (IceCv)
  19 merfolk
  A queen bee (Orc:1)
  2 red devils (D:13)
  10 hornets
  13 trolls
  3 meliai (D:13)
  A wolf spider simulacrum (IceCv)
  14 hippogriffs
  5 polar bears
  31 jumping spiders
  7 wind drakes
  10 blink frogs
  14 dream sheep
  10 snapping turtles
  77 redbacks
  16 tarantellas
  7 wyverns
  5 water elementals
  6 wraiths
  3 shadows
  2 dire elephant simulacra (IceCv)
  10 fire bats
  25 yaks
  2 hungry ghosts
  A large abomination (Gauntlet)
  2 death yak simulacra (IceCv)
  3 vampire mosquitoes (D:14)
  2 basilisks
  6 wargs
  Duvessa (D:5)
  11 water moccasins
  A soldier ant (D:13)
  A hydra simulacrum (IceCv)
  8 acid dragons
  4 ice beasts
  12 porcupines
  A slave (D:7)
  2 black bears
  4 phantoms
  27 orc warriors
  2 sky beasts (D:10)
  32 ogres
  An eye of draining (D:5)
  A wolf (Lair:5)
  2 ettin simulacra (IceCv)
  11 centaurs
  12 crocodiles
  4 big kobolds
  12 bullfrogs
  8 scorpions
  Dowan (D:5)
  31 killer bees
  2 electric eels (Spider:1)
  6 wights
  A howler monkey (D:5)
  3 crimson imps
  4 centaur zombies
  5 hounds
  A draconian simulacrum (IceCv)
  A bullfrog skeleton (D:5)
  4 jellies (Lair:5)
  23 orc priests
  Crazy Yiuf (D:7)
  4 centaur skeletons
  12 orc wizards
  3 iguanas
  Jessica (D:2)
  10 worker ants
  2 troll simulacra (IceCv)
  A polar bear simulacrum (IceCv)
  6 small abominations (Gauntlet)
  2 centaur simulacra (IceCv)
  A hound zombie (D:11)
  A hound skeleton (D:7)
  2 worker ant zombies
  12 adders
  A naga simulacrum (IceCv)
  An ogre simulacrum (IceCv)
  5 shadow imps
  A white imp (IceCv)
  2 ufetubi (IceCv)
  2 oozes
  6 worms
  A dart slug (D:1)
  4 leopard geckos
  88 orcs
  69 bats
  12 giant cockroaches
  8 goblins
  8 hobgoblins
  6 jackals
  3 quokkas
  A ball python (D:1)
  5 frilled lizards
  A jackal skeleton (D:6)
  A jackal zombie (D:5)
  23 kobolds
  8 rats
  A plant (Shoals:4)
1140 creatures vanquished.

Vanquished Creatures (others)
  A merfolk javelineer (Shoals:4)
  A merfolk avatar (Shoals:4)
  A sea snake (Shoals:4)
  A harpy (Shoals:4)
  A manticore (Shoals:4)
  3 merfolk sirens
  3 merfolk (Shoals:4)
  A dream sheep (Shoals:3)
  3 white imps (IceCv)
  4 ufetubi (IceCv)
  A demonic plant (Gauntlet)
  4 fungi
  20 plants
44 creatures vanquished.

Grand Total: 1184 creatures vanquished

Notes
Turn   | Place    | Note
-------+----------+-------------------------------------------
     0 | D:1      | StoopidFlanders the Minotaur Fighter began the quest for
                  | the Orb.
     0 | D:1      | Reached XP level 1. HP: 19/19 MP: 0/0
   248 | D:1      | Reached XP level 2. HP: 24/27 MP: 1/1
  1106 | D:2      | Reached skill level 1 in Dodging
  1106 | D:2      | Reached XP level 3. HP: 28/33 MP: 2/2
  1181 | D:2      | Found a faded altar of an unknown god.
  1489 | D:2      | Found a shimmering altar of Xom.
  1491 | D:2      | Found a shimmering altar of Xom.
  1492 | D:2      | Found a shimmering altar of Xom.
  1493 | D:2      | Found a shimmering altar of Xom.
  1612 | D:2      | Noticed Jessica
  1620 | D:2      | Killed Jessica
  1620 | D:2      | Reached XP level 4. HP: 36/40 MP: 3/3
  1900 | D:2      | Found a snail-covered altar of Cheibriados.
  2465 | D:3      | Found a burning altar of Makhleb.
  2511 | D:3      | Found a hazy altar of Hepliaklqana.
  2945 | D:3      | Reached XP level 5. HP: 42/46 MP: 4/4
  3488 | D:4      | Found a staircase to the Ecumenical Temple.
  3537 | Temple   | Entered the Ecumenical Temple
  3710 | D:4      | Noticed a phantom
  3761 | D:4      | Killed a phantom
  3871 | D:4      | Found Piodd's Antique Weapon Boutique.
  3879 | D:4      | Bought a glowing quarterstaff for 147 gold pieces
  4031 | D:4      | Found a glowing golden altar of the Shining One.
  4061 | D:4      | Found a shimmering blue altar of Sif Muna.
  4083 | D:5      | Entered Level 5 of the Dungeon
  4186 | D:5      | Noticed Duvessa
  4186 | D:5      | Noticed Dowan
  4194 | D:5      | Killed Dowan
  4194 | D:5      | Reached skill level 1 in Staves
  4194 | D:5      | Reached XP level 6. HP: 49/53 MP: 5/5
  4206 | D:5      | Killed Duvessa
  4206 | D:5      | Reached skill level 5 in Fighting
  4206 | D:5      | Reached skill level 5 in Armour
  4449 | D:5      | Found a sacrificial altar of Ru.
  4453 | D:5      | Found an iron altar of Okawaru.
  4512 | D:5      | Became a worshipper of Warmaster Okawaru
  4543 | D:5      | Noticed an ice beast
  4547 | D:5      | Killed an ice beast
  4547 | D:5      | Reached skill level 1 in Invocations
  4547 | D:5      | Reached XP level 7. HP: 44/61 MP: 5/7
  4703 | D:5      | Noticed a hornet
  4705 | D:5      | Paralysed by a hornet for 1 turns
  4709 | D:5      | Paralysed by a hornet for 1 turns
  4711 | D:5      | Killed a hornet
  4711 | D:5      | Reached * piety under Okawaru
  4727 | D:5      | Reached skill level 5 in Staves
  4964 | D:5      | Found a transporter.
  4966 | D:5      | Found a transporter.
  4967 | D:5      | Noticed BirdFish's ghost (novice FoFi)
  5090 | D:5      | Found a white marble altar of Elyvilon.
  5293 | D:5      | Reached XP level 8. HP: 62/68 MP: 9/9
  5522 | D:6      | Reached ** piety under Okawaru
  5761 | D:6      | Reached skill level 5 in Invocations
  5912 | D:6      | Reached *** piety under Okawaru
  6072 | D:6      | Got a distressingly furry chain mail
  6083 | D:6      | Identified the +7 chain mail "Engir" {*Contam rF+++ rN+
                  | Int+2} (You found it on level 6 of the Dungeon)
  6181 | D:6      | Found an opulent altar of Gozag.
  6277 | D:6      | Noticed an angel
  6278 | D:6      | Found a glowing silver altar of Zin.
  6665 | D:7      | Found a radiant altar of Vehumet.
  6812 | D:7      | Found an ancient bone altar of Kikubaaqudgha.
  6820 | D:7      | Reached XP level 9. HP: 74/74 MP: 12/12
  6835 | D:7      | Found a basalt altar of Yredelemnul.
  6947 | D:7      | Found an ornate altar of the Wu Jian Council.
  6984 | D:7      | Found a hide-covered altar of Uskayaw.
  6984 | D:7      | Noticed Pikel
  6994 | D:7      | Killed Pikel
  6994 | D:7      | Reached **** piety under Okawaru
  7117 | D:7      | Found a runed translucent door.
  7118 | D:7      | Noticed Crazy Yiuf
  7196 | D:7      | Found a bloodstained altar of Trog.
  7365 | D:7      | Killed Crazy Yiuf
  7779 | D:8      | Found a bloodstained altar of Trog.
  8203 | D:9      | Received a gift from Okawaru
  8203 | D:9      | Reached ***** piety under Okawaru
  8203 | D:9      | Reached skill level 10 in Staves
  8206 | D:9      | Reached XP level 10. HP: 64/84 MP: 14/14
  8220 | D:9      | Reached skill level 5 in Dodging
  8402 | D:9      | Found a sparkling altar of Nemelex Xobeh.
  8975 | D:10     | Entered Level 10 of the Dungeon
  9021 | D:10     | Noticed a two-headed ogre
  9032 | D:10     | Killed a two-headed ogre
  9472 | D:10     | Received a gift from Okawaru
  9551 | D:10     | Found Duarph's Assorted Antiques.
  9554 | D:10     | Bought a scroll labeled HYRYST TIUKADA for 30 gold pieces
 10294 | D:11     | Noticed a brown ugly thing
 10307 | D:11     | Killed a brown ugly thing
 10307 | D:11     | Reached XP level 11. HP: 90/94 MP: 16/16
 10339 | D:11     | Killed an unseen horror
 10381 | D:11     | Found a staircase to the Lair.
 10423 | D:11     | Noticed a cyan ugly thing
 10425 | D:11     | Noticed a centaur warrior
 10449 | D:11     | Killed a centaur warrior
 10460 | D:11     | Killed a cyan ugly thing
 10477 | D:11     | Killed an unseen horror
 10670 | Lair:1   | Entered Level 1 of the Lair of Beasts
 11243 | Lair:1   | Received a gift from Okawaru
 11685 | Lair:2   | Noticed a five-headed hydra
 11704 | Lair:2   | Noticed a seven-headed hydra
 11707 | Lair:2   | Reached ****** piety under Okawaru
 12202 | Lair:2   | Killed a six-headed hydra
 12202 | Lair:2   | Received a gift from Okawaru
 13268 | Lair:3   | Reached XP level 12. HP: 105/105 MP: 17/17
 13615 | Lair:3   | Noticed a seven-headed hydra
 13625 | Lair:3   | Killed a seven-headed hydra
 13657 | Lair:4   | Identified 2 scrolls of acquirement
 13658 | Lair:4   | Acquired a manual of Armour
 13660 | Lair:4   | Acquired 380 gold pieces
 13852 | Lair:4   | Received a gift from Okawaru
 13852 | Lair:4   | Reached skill level 10 in Armour
 13906 | Lair:4   | Noticed a six-headed hydra
 13937 | Lair:4   | Killed a ten-headed hydra
 13937 | Lair:4   | Reached skill level 10 in Fighting
 14103 | Lair:4   | Found a hole to the Spider Nest.
 14538 | Lair:4   | Found a staircase to the Shoals.
 14836 | Lair:5   | Noticed a six-headed hydra
 14848 | Lair:5   | Killed a six-headed hydra
 15145 | Lair:5   | Found a staircase to the Slime Pits.
 15614 | Lair:6   | Entered Level 6 of the Lair of Beasts
 15640 | Lair:5   | Received a gift from Okawaru
 15645 | Lair:5   | Reached skill level 10 in Invocations
 15880 | Lair:5   | Reached XP level 13. HP: 111/114 MP: 19/19
 16045 | Lair:6   | Reached skill level 15 in Staves
 16070 | Lair:6   | Received a gift from Okawaru
 16076 | Lair:6   | Got a polished lajatang {god gift}
 16095 | Lair:6   | Identified the +6 lajatang "Setaumis" {pain, Str+4}
                  | (Okawaru gifted it to you on level 6 of the Lair of Beasts)
 17254 | Lair:6   | Identified the Incunabulum of Dark Rites and
                  | Self-Improvement
 17852 | D:11     | Found a staircase to the Orcish Mines.
 17862 | D:11     | Reached skill level 1 in Evocations
 18126 | D:12     | Found a gate leading to a gauntlet.
 18136 | Gauntlet | Entered a Gauntlet
 18136 | Gauntlet | Found a transporter.
 18136 | Gauntlet | Found a transporter.
 18136 | Gauntlet | Found a transporter.
 18313 | Gauntlet | Found a transporter.
 18317 | Gauntlet | Received a gift from Okawaru
 18325 | Gauntlet | Found a transporter.
 18349 | Gauntlet | Found a transporter.
 18413 | Gauntlet | Reached skill level 10 in Dodging
 18415 | Gauntlet | Found a transporter.
 18564 | Gauntlet | Found a transporter.
 18647 | Gauntlet | Found a transporter.
 18656 | Gauntlet | Noticed a minotaur
 18665 | Gauntlet | Killed a minotaur
 18843 | D:12     | Received a gift from Okawaru
 19886 | D:13     | You fall into a shaft and drop 2 floors!
 19886 | D:15     | Entered Level 15 of the Dungeon
 19933 | D:15     | Reached XP level 14. HP: 124/125 MP: 20/20
 19962 | D:15     | Found an opulent altar of Gozag.
 20198 | D:14     | Found a gate to the Vaults.
 20324 | D:14     | Found a runed translucent door.
 20359 | D:14     | Found a white marble altar of Elyvilon.
 20379 | D:14     | Found a basalt altar of Yredelemnul.
 20395 | D:14     | Found a stormy altar of Qazlal.
 20452 | D:14     | Reached skill level 5 in Evocations
 20454 | D:14     | Received a gift from Okawaru
 20455 | D:14     | Identified the +1 buckler of Space {rF+ rC+ Str+4 Dex-4}
                  | (Okawaru gifted it to you on level 14 of the Dungeon)
 20642 | D:14     | Found a shimmering blue altar of Sif Muna.
 20671 | D:14     | Found a shimmering altar of Xom.
 20732 | D:14     | Found a bloodstained altar of Trog.
 20797 | D:14     | Found a stormy altar of Qazlal.
 21140 | D:14     | Found a roughly hewn altar of Beogh.
 22929 | D:15     | Reached skill level 15 in Armour
 22935 | D:15     | Found a staircase to the Depths.
 22935 | D:15     | Noticed a frost giant
 22945 | D:15     | Killed a frost giant
 23376 | D:14     | Received a gift from Okawaru
 24233 | Orc:1    | Entered Level 1 of the Orcish Mines
 24479 | Orc:1    | Found a roughly hewn altar of Beogh.
 24876 | Orc:2    | Entered Level 2 of the Orcish Mines
 24876 | Orc:2    | Found a staircase to the Elven Halls.
 24909 | Orc:2    | Reached XP level 15. HP: 135/135 MP: 13/21
 25127 | Orc:2    | Found a radiant altar of Vehumet.
 25201 | Orc:2    | Found a runed translucent door.
 25423 | Orc:2    | Found the +10 tower shield of Ignorance {rN+ Int-4}
 25442 | Orc:2    | Found a runed translucent door.
 25491 | Orc:2    | Found Witiaf's Antique Weapon Emporium.
 25491 | Orc:2    | Found Inuephim's Jewellery Shop.
 25494 | Orc:2    | Found Sexuts's Antique Armour Shop.
 25494 | Orc:2    | Found Zoohy's General Store.
 25547 | Orc:2    | Received a gift from Okawaru
 25884 | Orc:2    | Gained mutation: You are partially covered in yellow
                  | scales. (AC +2) [potion of mutation]
 25884 | Orc:2    | Gained mutation: Your flesh is heat resistant. (rF+)
                  | [potion of mutation]
 25938 | Orc:2    | Noticed Saint Roka
 25975 | Orc:2    | Killed Saint Roka
 26328 | Orc:2    | Bought the ring of the Gastropod {rN+ MR+ Int+6} for 1129
                  | gold pieces
 26340 | Orc:2    | Bought a scroll of fear for 38 gold pieces
 26886 | Spider:1 | Entered Level 1 of the Spider Nest
 26935 | Spider:1 | Found a frozen archway.
 26967 | IceCv    | Entered an ice cave
 27330 | IceCv    | Reached skill level 10 in Evocations
 27332 | IceCv    | HP: 6/137 [iron troll simulacrum (47)]
 28003 | IceCv    | Received a gift from Okawaru
 28004 | IceCv    | Found the +7 lajatang of Order {silver, rMut}
 28528 | IceCv    | Got a masterwork hat
 28546 | IceCv    | Identified the +0 hat "Luadippi" {-Cast rElec rPois Regen+}
                  | (You found it in an ice cave)
 29273 | Spider:1 | Killed a ghost moth
 29535 | Spider:1 | Received a gift from Okawaru
 29535 | Spider:1 | Reached XP level 16. HP: 136/146 MP: 22/22
 29542 | Spider:1 | Got a pair of smouldering boots {god gift}
 29553 | Spider:1 | Identified the +0 pair of boots of the Big Bang {+Inv
                  | Str+2} (Okawaru gifted it to you on level 1 of the Spider
                  | Nest)
 30451 | Spider:2 | Noticed Arachne
 30738 | Spider:2 | Killed Arachne
 30973 | Spider:2 | Identified Roxanne's Catalogue of the Rocks
 30973 | Spider:2 | Noticed Roxanne
 31821 | Spider:3 | Received a gift from Okawaru
 32002 | Spider:3 | Reached skill level 15 in Fighting
 32200 | Spider:3 | Received a gift from Okawaru
 32849 | Spider:4 | Entered Level 4 of the Spider Nest
 32849 | Spider:4 | Noticed Aizul
 32867 | Spider:4 | Killed Aizul
 33455 | Spider:4 | Reached XP level 17. HP: 69/156 MP: 0/23
 33878 | Spider:4 | Got a gossamer rune of Zot
 34046 | Shoals:1 | Entered Level 1 of the Shoals
 34121 | Shoals:1 | Received a gift from Okawaru
 34139 | Shoals:1 | Found a transporter.
 34188 | Shoals:1 | Found a transporter.
 34243 | Shoals:1 | Got a pair of brightly glowing gloves
 34254 | Shoals:1 | Identified the cursed -7 pair of gloves of the Lily {+Inv
                  | rF+ Regen+} (You found it on level 1 of the Shoals)
 35447 | Shoals:2 | Received a gift from Okawaru
 35480 | Shoals:2 | Noticed Ilsuiw
 36133 | Shoals:2 | Killed Ilsuiw
 36317 | Shoals:2 | Received a gift from Okawaru
 36902 | Shoals:3 | Noticed Jorgrun
 36912 | Shoals:3 | Killed Jorgrun
 37028 | Shoals:3 | Noticed Polyphemus
 37059 | Shoals:3 | Killed Polyphemus
 37063 | Shoals:3 | Received a gift from Okawaru
 37527 | Shoals:3 | Reached XP level 18. HP: 118/167 MP: 24/24
 37772 | Shoals:4 | Entered Level 4 of the Shoals
 37882 | Shoals:3 | Gained mutation: Scrolls take you a little longer to read.
                  | [mutagenic glow]
 37909 | Shoals:3 | Gained mutation: Scrolls take you longer to read.
                  | [mutagenic glow]
 38147 | Shoals:4 | Slain by a merfolk impaler

Illustrated notes

Levels and vault maps discovered:
D:1:      dpeg_arrival_another_circle, layout_basic, minmay_box_of_dots
D:2:      layout_basic, cheibriados_altar_1, xom_redecorated, first_ration,
          chequers_ecumenical_altar_simple_redux, uniq_jessica
D:3:      layout_loops_corners, nicolae_overflow_hidden_temple, bloody_makhleb
D:4:      layout_cave_pools, tso_oasis_becter, led_sif_pool,
          minmay_temple_entry_slanted, serial_shops, shop
D:5:      cheibrodos_helix_gallery, layout_basic, okawaru_metal_pillars_3,
          kennysheep_mini, elyvilon_altar_4, gammafunk_ghost_smash,
          kennysheep_another_room, minmay_circle_x, uniq_duvessa
D:6:      layout_basic, zin_angel, nicolae_gozag_seed_capital
D:7:      layout_cave_pools, lemuel_coloured_pillars_altar,
          eat_drink_and_be_merry_uskayaw, marbit_many_paths,
          chequers_temple_overflow_statue_of_worship, kiku_gazebo_garden_becter,
          serial_glass, glass_columns_a, glass_columns_c, uniq_pikel,
          uniq_crazy_yiuf_cottage
D:8:      layout_basic, grunt_pizzeria, trog_three_pillars_becter
D:9:      layout_rooms, nemelex_xobeh_ov_fountains_minmay
D:10:     layout_stronghold, serial_shops, nicolae_shop_behind_doors
D:11:     minmay_distorted_concentric_squares, layout_basic, lair_entry_dummy,
          orc_0_dummy, nrook_mini_backslash
D:12:     layout_gridville, gauntlet_entry_generic
D:13:     layout_irregular_city, minmay_beelzebubs_servants
D:14:     due_megacathedral, layout_basic, basic_altar, special_room
          [special_room_orc], grunt_tough_drop
D:15:     grunt_enter_depths_snipers, layout_long_grid,
          hangedman_abyss_or_decor_stabs, basic_altar
Temple:   corrupted_temple
Lair:1:   layout_gridlike, st_stairs_13
Lair:2:   layout_long_grid, st_stairs_12, grunt_megastairs_5
Lair:3:   layout_gridlike
Lair:4:   layout_big_grid, elwin_shoals_entry_rocks,
          nicolae_spider_entry_non_spiders
Lair:5:   layout_misc_corridors, nicolae_slime_entry_slimehenge,
          minmay_lair_oklob_chamber, grunt_megastairs_3,
          infiniplex_staircase_pool
Lair:6:   gammafunk_lair_ancient_temple, layout_big_grid, lemuel_fruit_fields
Shoals:1: gammafunk_the_bubble [the_bubble_gammafunk_grid], layout_shoals
Shoals:2: layout_shoals, uniq_ilsuiw
Shoals:3: layout_shoals, uniq_polyphemus, uniq_jorgrun
Shoals:4: shoals_end_grunt_ice, layout_shoals, hangedman_shoal_volcano
Spider:1: layout_spider_delve, portal_ice_cave_entry_pillars_1,
          hangedman_spider_trapstep
Spider:2: layout_spider_delve, uniq_roxanne, uniq_arachne
Spider:3: layout_chambers
Spider:4: grunt_spider_rune_circles, uniq_aizul
Orc:1:    layout_diamond_mine, special_room [special_room_bee], basic_altar
Orc:2:    st_orc_ogre_mass, layout_diamond_mine, basic_altar,
          chequers_guarded_unrand_ignorance, uniq_saint_roka

Skill      XL: |  1  2  3  4  5  6  7  8  9 10 11 12 13 14 15 16 17 |
---------------+----------------------------------------------------+-----
Long Blades    | 3 4 |  4.7
Dodging        | 1 2 3 4 6 7 9 10 11 12 13 14 | 14.9
Fighting       | 4 5 6 8 9 10 11 13 14 15 16 | 16.5
Shields        | 4 |  4.5
Armour         | 4 5 6 8 9 11 13 15 17 18 19 | 19.2
Staves         | 1 3 5 8 10 11 13 14 15 17 19 | 19.5
Invocations    | 1 3 6 7 8 9 10 | 10.4
Evocations     | 4 8 10 | 10.2

Action                   |  1- 3 |  4- 6 |  7- 9 | 10-12 | 13-15 | 16-18 || total
-------------------------+-------+-------+-------+-------+-------+-------++-------
Melee: Long sword        |    86 |   122 |       |       |       |       ||   208
       Headbutt          |    14 |    26 |    55 |   116 |   238 |   224 ||   673
       Quarterstaff      |       |    21 |   274 |   289 |    16 |       ||   600
       Lajatang          |       |       |       |   237 |  1188 |   975 ||  2400
Invok: Heroism           |       |       |       |     3 |    19 |    18 ||    40
       Finesse           |       |       |       |       |     9 |     8 ||    17
 Abil: Evoke Invisibilit |       |       |       |       |     7 |     7 ||    14
Evoke: Wand              |       |     3 |     4 |     7 |    23 |    19 ||    56
       Phantom mirror    |       |       |       |     1 |       |       ||     1
  Use: Scroll            |       |     1 |     3 |    18 |    23 |    20 ||    65
       Potion            |       |       |       |     1 |    19 |    12 ||    32
 Stab: Paralysed         |       |     8 |     1 |       |       |     3 ||    12
       Invisible         |       |       |       |       |    20 |    17 ||    37
       Distracted        |       |       |       |       |       |     1 ||     1
  Eat: Chunk             |     2 |    10 |    14 |    24 |    32 |    24 ||   106
       Ration            |       |       |       |     1 |     4 |     2 ||     7
Armor: Scale mail        |    13 |       |       |       |       |       ||    13
       Plate armour      |    15 |    84 |    78 |       |       |       ||   177
       Chain mail        |       |       |    90 |   321 |   622 |   691 ||  1724
Dodge: Dodged            |    21 |    19 |   100 |   253 |   949 |   979 ||  2321
Block: Kite shield       |    53 |    59 |       |       |       |       ||   112
       Rpst.: Long sword |     5 |     2 |       |       |       |       ||     7
